 Dungeon Crawl Stone Soup version 0.28.0-49-g6dfe1f597d (webtiles) character file.

Game seed: 15873226082032439186

95 Zeld the Conjurer (level 4, -3/36 HPs)
             Began as a Draconian Conjurer on May 16, 2022.
             Killed from afar by Blork the orc (6 damage)
             ... with a puff of frost
             ... on level 4 of the Dungeon.
             The game lasted 00:01:34 (1490 turns).

Zeld the Conjurer (Draconian Conjurer)              Turns: 1490, Time: 00:01:34

Health: -3/36      AC:  5    Str:  9    XL:     4   Next: 39%
Magic:  1/8        EV: 12    Int: 21    God:
Gold:   32         SH:  0    Dex:  9    Spells: 5/8 levels left

rFire   . . .      SeeInvis .   (no weapon)
rCold   . . .      Faith    .   (no shield)
rNeg    . . .      Spirit   .   (armour unavailable)
rPois   .          Reflect  .   (helmet restricted)
rElec   .          Harm     .   (no cloak)
rCorr   .          Rampage  .   (no gloves)
Will    .....                   (no boots)
Stlth   ++........              (no amulet)
HPRegen 0.12/turn               (no ring)
MPRegen 0.11/turn               (no ring)

@: no status effects
A: AC +5, unfitting armour, cold-blooded
a: no special abilities


You were on level 4 of the Dungeon.
You visited 1 branch of the dungeon, and saw 4 of its levels.

You collected 32 gold pieces.

Inventory:

Scrolls
 a - 5 scrolls of identify {unknown}
 b - a scroll of torment {unknown}
 c - a scroll of blinking {unknown}
 d - 2 scrolls of summoning {unknown}
Potions
 e - a potion of degeneration {unknown}
 f - a potion of magic {unknown}
 g - a potion of attraction {unknown}


   Skills:
 * Level 1.9 Fighting
 + Level 2.2 Dodging
 + Level 2.2 Stealth
 * Level 2.8 Spellcasting
 * Level 4.5 Conjurations


You had 5 spell levels left.
You knew the following spells:

 Your Spells              Type           Power      Damage    Failure   Level
a - Magic Dart            Conj           88%        1d7       2%          1
b - Searing Ray           Conj           44%        2d6       3%          2

Your spell library contained the following spells:

 Spells                   Type           Power      Damage    Failure   Level
 Dazzling Flash           Conj/Hex       24%        N/A       16%         3
 Fulminant Prism          Conj/Hex       6%         3d7       47%         4
 Iskenderun's Mystic Bla  Conj/Tloc      12%        2d5       47%         4


Dungeon Overview and Level Annotations

Branches:
Dungeon (4/15)
 Temple: D:4-7

Altars:

Annotations:
D:4 Blork the orc


Innate Abilities, Weirdness & Mutations

Your plain brown scales are hard. (AC +5)
You cannot fit into any form of body armour.
You are cold-blooded and may be slowed by cold attacks.


Message History

Blork the orc is moderately wounded.
The searing ray hits Blork the orc.
Blork the orc is moderately wounded.
Blork the orc hits you with a +0 scimitar of flaming.
Blork the orc burns you.
The searing ray hits Blork the orc.
Blork the orc is heavily wounded.
You finish channelling your searing ray.
Blork the orc misses you.
Unknown command.
Casting: Searing Ray (safe; 3% risk of failure)
Confirm with . or Enter, or press ? or * to list all spells.
Aiming: Searing Ray (safe; 3% risk of failure)
Press: ? - help, Shift-Dir - straight line, f/p - Blork the orc
Aim: Blork the orc, wielding a +0 scimitar of flaming and wearing a +0 robe (heavily wounded, 81% to hit)
The searing ray hits Blork the orc!
Blork the orc is severely wounded. (Press . to maintain the ray.) Blork the orc hits you with a +0 scimitar of flaming!
Blork the orc burns you.
The searing ray hits Blork the orc!
Blork the orc is almost dead.
Blork the orc casts a spell at you. The puff of frost hits you!
* * * LOW HITPOINT WARNING * * *
Unknown command.
Blork the orc casts a spell at you. The puff of flame hits you.
* * * LOW HITPOINT WARNING * * *
Blork the orc gestures wildly while chanting.
Blork the orc seems to speed up.
Casting: Searing Ray (safe; 3% risk of failure)
Confirm with . or Enter, or press ? or * to list all spells.
Aiming: Magic Dart (safe; 2% risk of failure)
Press: ? - help, Shift-Dir - straight line, f/p - Blork the orc
Aim: Blork the orc, wielding a +0 scimitar of flaming and wearing a +0 robe (almost dead, fast, 100% to hit)
Okay, then.
Blork the orc casts a spell at you. The puff of frost hits you.
You die...

#...#........##+###########.
#.###.....................'.
..................#####.
#.......>.........# #.
.................# #. #####
#####...........# #. ......
#...........# ## ......
#...........#
......#+#####@..........#
........................#
........................#
####.....o..............#
........................#
####....................#
#...................
#..................
##################


You could see Blork the orc (fast).

Vanquished Creatures
  A jelly (D:3)
  3 gnolls (D:4)
  2 adders (D:2)
  An ufetubus (D:4)
  2 endoplasms
  A giant cockroach (D:2)
  A goblin (D:2)
  A hobgoblin (D:4)
  4 jackals (D:3)
  A ball python (D:2)
  A bat (D:3)
18 creatures vanquished.

Notes
Turn   | Place    | Note
-------+----------+-------------------------------------------
     0 | D:1      | Zeld the Draconian Conjurer began the quest for the Orb.
     0 | D:1      | Reached XP level 1. HP: 14/14 MP: 3/3
   157 | D:2      | Reached XP level 2. HP: 17/22 MP: 0/5
   160 | D:2      | Learned a level 2 spell: Searing Ray
   366 | D:2      | Reached skill level 1 in Fighting
   564 | D:3      | Reached XP level 3. HP: 28/28 MP: 1/6
   992 | D:4      | Reached XP level 4. HP: 36/36 MP: 2/8
  1339 | D:4      | Noticed Blork the orc
  1490 | D:4      | Killed from afar by Blork the orc

Illustrated notes

Levels and vault maps discovered:
D:1:      grunt_arrival_crossed_arrows, layout_loops_corners,
          shapermc_ecumenical_altar_mp_highgroup, minmay_tetromino_s4
D:2:      layout_basic, basic_altar, serial_park_tiny_pond
D:3:      layout_basic, uniq_robin
D:4:      layout_basic, uniq_blork_the_orc

Skill      XL: |  1  2 |
---------------+-------+-----
Fighting       | 1 |  1.9
Dodging        | 2 |  2.2
Stealth        | 2 |  2.2
Spellcasting   | |  2.8
Conjurations   | |  4.5

Action                   |  1- 3 |  4- 6 || total
-------------------------+-------+-------++-------
Melee: Unarmed           |    17 |       ||    17
       Tailslap          |     1 |       ||     1
 Cast: Magic Dart        |    15 |     1 ||    16
       Searing Ray       |     7 |     4 ||    11
Armor: Skin              |    10 |       ||    10
Dodge: Dodged            |    18 |     1 ||    19
